[Event "SVK-ch op"]
[Site "Banska Stiavnica SVK"]
[Date "2013.07.06"]
[Round "1.15"]
[White "Sosovicka, Matej"]
[Black "Krnan, Tomas"]
[Result "0-1"]
[ECO "C55"]
[WhiteElo "2102"]
[BlackElo "2411"]
[PlyCount "128"]
[GameId "2129404788672019"]
[EventDate "2013.07.06"]
[EventType "swiss"]
[EventRounds "9"]
[EventCountry "SVK"]
[TimeControl "6000+1055"]
[WhiteClock "0:01:28"]
[BlackClock "0:02:14"]

1. e4 e5 2. Nf3 Nc6 3. Bc4 Nf6 4. d3 Be7 5. O-O O-O 6. Re1 d6 7. a4 Na5 8. Ba2 c5 9. c3 a6 10. Na3 Bg4 11. h3 Bh5 12. Nc2 b5 13. Ne3 h6 14. g4 Bg6 15. Nh4 Kh7 16. Nhf5 Ng8 17. Bd5 Rc8 18. axb5 axb5 19. Bd2 Nc6 20. Ra6 Nb8 21. Ra7 Rc7 22. Ra5 Bxf5 23. gxf5 Bg5 24. Rxb5 g6 25. Qb3 Nf6 26. Kh1 gxf5 27. exf5 Nxd5 28. Qxd5 Qd7 29. Rb6 Rc6 30. Rxc6 Nxc6 31. Ng4 Ne7 32. Qe4 Qxf5 33. Bxg5 hxg5 34. Nf6+ Kg6 35. Qxf5+ Nxf5 36. Ne4 Rb8 37. Re2 Ra8 38. Ng3 Ra1+ 39. Kh2 Nh4 40. Ne4 Ra6 41. b4 cxb4 42. cxb4 f5 43. b5 Ra3 44. Nxd6 Rxd3 45. Nc4 Nf3+ 46. Kg2 e4 47. Re3 Rd1 48. Rxf3 exf3+ 49. Kxf3 Rb1 50. Nd6 Kf6 51. Ne8+ Ke7 52. Nc7 Kd7 53. Nd5 Rxb5 54. Nf6+ Ke6 55. Nh7 Rb3+ 56. Kg2 g4 57. hxg4 fxg4 58. Ng5+ Kf5 59. Nf7 Rd3 60. Nh6+ Kf4 61. Ng8 Rd6 62. Ne7 Ke5 63. Kg3 Kf6 64. Nc8 Ra6 0-1

[Event "SVK-ch op"]
[Site "Banska Stiavnica SVK"]
[Date "2013.07.07"]
[Round "2.13"]
[White "Krnan, Tomas"]
[Black "Juhar, Roman"]
[Result "1-0"]
[ECO "C61"]
[WhiteElo "2411"]
[BlackElo "2213"]
[PlyCount "26"]
[GameId "2129404788672049"]
[EventDate "2013.07.06"]
[EventType "swiss"]
[EventRounds "9"]
[EventCountry "SVK"]
[TimeControl "6000+660"]
[WhiteClock "0:47:59"]
[BlackClock "0:51:18"]

1. e4 e5 2. Nf3 Nc6 3. Bb5 Nd4 4. Nxd4 exd4 5. d3 Bc5 6. O-O c6 7. Bc4 d5 8. Bb3 dxe4 9. Qh5 Qe7 10. Bg5 Qc7 11. Nd2 Bf5 12. Bf4 g6 13. Qxf5 gxf5 1-0

[Event "SVK-ch op"]
[Site "Banska Stiavnica SVK"]
[Date "2013.07.08"]
[Round "3.8"]
[White "Oszczanowski, Witold"]
[Black "Krnan, Tomas"]
[Result "0-1"]
[ECO "B01"]
[WhiteElo "1936"]
[BlackElo "2411"]
[PlyCount "102"]
[GameId "2129404788672074"]
[EventDate "2013.07.06"]
[EventType "swiss"]
[EventRounds "9"]
[EventCountry "SVK"]
[TimeControl "6000+925"]
[WhiteClock "0:17:49"]
[BlackClock "0:12:28"]

1. e4 d5 2. exd5 Nf6 3. Bb5+ Bd7 4. Bc4 b5 5. Bb3 a5 6. a3 Bc8 7. Nc3 Ba6 8. Qf3 Nbd7 9. d4 g6 10. Bg5 Bg7 11. Nge2 O-O 12. O-O Nb6 13. Bxf6 exf6 14. Ne4 b4 15. axb4 axb4 16. Rfe1 Bxe2 17. Qxe2 Rxa1 18. Rxa1 f5 19. Nc5 Bxd4 20. Nd3 Qf6 21. Nxb4 Bxb2 22. Rd1 Bc3 23. Nc6 Kg7 24. Qf3 Re8 25. g3 Nc8 26. Rd3 Re1+ 27. Kg2 Bb2 28. Re3 Rc1 29. d6 Nxd6 30. Re7 Ba3 31. Rxc7 Qa1 32. Qe2 Re1 33. Qd3 Rd1 34. Qe2 Re1 35. Qd3 Rd1 36. Qe2 Rg1+ 37. Kh3 Qc1 38. f4 Re1 39. Qf3 Re3 40. Qg2 Qd1 41. Qd5 Qh5+ 42. Kg2 Qe2+ 43. Kh3 Kh6 44. Ne5 Qh5+ 45. Kg2 Re2+ 46. Kf1 Rxh2 47. Qf3 Qh3+ 48. Kg1 Bb2 49. c3 Bc1 50. Bd5 Rh1+ 51. Qxh1 Be3# 0-1

[Event "SVK-ch op"]
[Site "Banska Stiavnica SVK"]
[Date "2013.07.09"]
[Round "4.2"]
[White "Krnan, Tomas"]
[Black "Markos, Jan"]
[Result "1/2-1/2"]
[ECO "B32"]
[WhiteElo "2411"]
[BlackElo "2580"]
[PlyCount "86"]
[GameId "2129404788672101"]
[EventDate "2013.07.06"]
[EventType "swiss"]
[EventRounds "9"]
[EventCountry "SVK"]
[TimeControl "6000+2050"]
[WhiteClock "0:25:20"]
[BlackClock "0:26:03"]

1. e4 c5 2. Nf3 Nc6 3. d4 cxd4 4. Nxd4 e5 5. Nb5 d6 6. c4 Be7 7. N1c3 a6 8. Na3 f5 9. exf5 Bxf5 10. Bd3 Be6 11. O-O Nf6 12. Nc2 O-O 13. b3 Rc8 14. Ne4 Qd7 15. Bb2 Ng4 16. Qe2 Nh6 17. Ne3 Rf4 18. Rad1 Rcf8 19. Bb1 Nf5 20. Nc5 Ncd4 21. Bxd4 dxc5 22. Bxe5 Nd4 23. Qd3 Rh4 24. f4 Bf6 25. Qe4 Qf7 26. Rd2 Bxe5 27. Qxe5 Rxf4 28. Rxf4 Qxf4 29. Qxf4 Rxf4 30. Rf2 Rf7 31. Rxf7 Kxf7 32. Kf2 b5 33. cxb5 axb5 34. Bd3 h6 35. Nc2 Nxc2 36. Bxc2 b4 37. Ke3 Kf6 38. Bd3 Ke5 39. Bc2 Bd5 40. g3 Be6 41. Bd3 Bf7 42. Bc2 Kf6 43. Bd3 Ke5 1/2-1/2

[Event "SVK-ch op"]
[Site "Banska Stiavnica SVK"]
[Date "2013.07.10"]
[Round "5.6"]
[White "Repkova, Eva"]
[Black "Krnan, Tomas"]
[Result "0-1"]
[ECO "C00"]
[WhiteElo "2374"]
[BlackElo "2411"]
[PlyCount "80"]
[GameId "2129404788672135"]
[EventDate "2013.07.06"]
[EventType "swiss"]
[EventRounds "9"]
[EventCountry "SVK"]
[TimeControl "6000+1525"]
[WhiteClock "0:10:54"]
[BlackClock "0:04:19"]

1. e4 e6 2. b3 d5 3. Bb2 Nf6 4. e5 Ng8 5. f4 c5 6. Nf3 Nc6 7. Bd3 h5 8. g3 Nh6 9. Nh4 g6 10. Nxg6 fxg6 11. Bxg6+ Kd7 12. Bxh5 Nf5 13. Na3 Qa5 14. c3 b5 15. Bf3 Ba6 16. Nc2 Qb6 17. Qe2 b4 18. c4 dxc4 19. bxc4 Rd8 20. Be4 Nfd4 21. Nxd4 cxd4 22. d3 Bc5 23. h4 Ne7 24. g4 Bb7 25. O-O-O b3 26. axb3 Qxb3 27. f5 Bxe4 28. Qxe4 Rb8 29. Rd2 Kc7 30. fxe6 Bb4 31. Rc2 Bc3 32. Qg2 Nc6 33. Rf1 Nxe5 34. Rd1 Bxb2+ 35. Rxb2 Qc3+ 36. Rc2 Nxd3+ 37. Rxd3 Qxd3 38. Qh2+ Kc8 39. Qg2 Qa3+ 40. Kd2 Qe3+ 0-1

[Event "SVK-ch op"]
[Site "Banska Stiavnica SVK"]
[Date "2013.07.11"]
[Round "6.3"]
[White "Krnan, Tomas"]
[Black "Pacher, Milan"]
[Result "1-0"]
[ECO "A07"]
[WhiteElo "2411"]
[BlackElo "2455"]
[PlyCount "101"]
[GameId "2129404788672163"]
[EventDate "2013.07.06"]
[EventType "swiss"]
[EventRounds "9"]
[EventCountry "SVK"]
[TimeControl "6000+840"]
[WhiteClock "0:10:34"]
[BlackClock "1:00:41"]

1. Nf3 Nf6 2. g3 d5 3. Bg2 c6 4. O-O Bf5 5. d3 h6 6. Nbd2 e6 7. Qe1 Be7 8. e4 Bh7 9. Qe2 O-O 10. Ne5 Nbd7 11. Nxd7 Nxd7 12. Nb3 a5 13. a4 Nc5 14. Nxc5 Bxc5 15. c3 dxe4 16. dxe4 Qb6 17. Qc4 Rfd8 18. Rb1 Rd7 19. Bf3 Rad8 20. Kg2 Kh8 21. b4 axb4 22. cxb4 Bd4 23. a5 Qa7 24. Qe2 c5 25. bxc5 Qxa5 26. Rb5 Qa6 27. Bb2 e5 28. Bxd4 exd4 29. Rfb1 d3 30. Qd2 Qe6 31. R1b4 Rd4 32. Rxd4 Rxd4 33. Qe3 Bxe4 34. Qxd4 Bxf3+ 35. Kxf3 Qc6+ 36. Ke3 Qxb5 37. Qd8+ Kh7 38. Qxd3+ Qxd3+ 39. Kxd3 Kg6 40. Kc4 Kf6 41. Kb5 Ke6 42. Kb6 Kd5 43. Kxb7 Kxc5 44. Kc7 g5 45. Kd7 Kd4 46. Ke7 f5 47. Kf6 Ke4 48. Kg6 f4 49. gxf4 gxf4 50. Kxh6 f3 51. Kg5 1-0

[Event "SVK-ch op"]
[Site "Banska Stiavnica SVK"]
[Date "2013.07.12"]
[Round "7.2"]
[White "Krnan, Tomas"]
[Black "Petrik, Tomas"]
[Result "1-0"]
[ECO "C19"]
[WhiteElo "2411"]
[BlackElo "2512"]
[PlyCount "85"]
[GameId "2129404788672192"]
[EventDate "2013.07.06"]
[EventType "swiss"]
[EventRounds "9"]
[EventCountry "SVK"]
[TimeControl "6000+1180"]
[WhiteClock "0:29:00"]
[BlackClock "0:14:42"]

1. e4 e6 2. d4 d5 3. Nc3 Bb4 4. e5 Ne7 5. a3 Bxc3+ 6. bxc3 c5 7. h4 Qc7 8. Nf3 b6 9. Bb5+ Bd7 10. Bd3 c4 11. Be2 Ba4 12. h5 h6 13. Nh4 Nbc6 14. f4 O-O-O 15. Bg4 Qd7 16. Bh3 Kb7 17. O-O g6 18. g4 gxh5 19. gxh5 Ka6 20. Be3 Rdg8+ 21. Kh2 Rh7 22. Qd2 Rhg7 23. Rg1 Qe8 24. Rxg7 Rxg7 25. Rf1 Qg8 26. Qf2 Rg4 27. f5 Bxc2 28. f6 Nc8 29. Bxh6 Bd3 30. Rg1 Rxg1 31. Qxg1 Qh7 32. Qe3 b5 33. Qf4 Nb6 34. Bg4 Nb8 35. Nf3 Na4 36. Bg7 Bb1 37. Qd2 Nd7 38. Ng5 Qd3 39. Qxd3 cxd3 40. Nf3 d2 41. Nxd2 Bc2 42. h6 Nxc3 43. Bh5 1-0

[Event "SVK-ch op"]
[Site "Banska Stiavnica SVK"]
[Date "2013.07.13"]
[Round "8.1"]
[White "Banusz, Tamas"]
[Black "Krnan, Tomas"]
[Result "1/2-1/2"]
[ECO "A81"]
[WhiteElo "2588"]
[BlackElo "2411"]
[PlyCount "120"]
[GameId "2129404788672220"]
[EventDate "2013.07.06"]
[EventType "swiss"]
[EventRounds "9"]
[EventCountry "SVK"]
[TimeControl "6000+1105"]
[WhiteClock "0:45:40"]
[BlackClock "0:26:53"]

1. Nf3 f5 2. d4 Nf6 3. g3 g6 4. Bg2 Bg7 5. O-O O-O 6. b3 d6 7. Bb2 c6 8. Nbd2 a5 9. a3 Na6 10. Ne1 e5 11. dxe5 Ng4 12. Nd3 Nxe5 13. Nxe5 Bxe5 14. Bxe5 dxe5 15. Nc4 Qc7 16. Qd2 a4 17. Qe3 axb3 18. cxb3 e4 19. Nb6 Rb8 20. Rfd1 Be6 21. f3 f4 22. gxf4 Qxf4 23. Qxf4 Rxf4 24. e3 Rf7 25. f4 Bxb3 26. Rd4 Re8 27. Nd7 Bd5 28. Ne5 Rg7 29. Bxe4 Bxe4 30. Rxe4 g5 31. Kf2 gxf4 32. exf4 Nc5 33. Re3 Rf8 34. Rf3 Nd7 35. Nxd7 Rxd7 36. Re1 Rd2+ 37. Kg3 Kf7 38. Rfe3 Rg8+ 39. Kf3 Rxh2 40. Re7+ Kf6 41. R1e6+ Kf5 42. Re5+ Kf6 43. R7e6+ Kf7 44. Re7+ Kf6 45. a4 Ra2 46. R7e6+ Kf7 47. Re7+ Kf6 48. Rxb7 Ra3+ 49. Re3 Rxe3+ 50. Kxe3 Ra8 51. Rxh7 Rxa4 52. Rh6+ Kf5 53. Rh5+ Ke6 54. Kf3 Ra1 55. Re5+ Kd6 56. Re8 c5 57. f5 Rf1+ 58. Kg4 Kd5 59. Rc8 c4 60. Kg5 Ke5 1/2-1/2

[Event "SVK-ch op"]
[Site "Banska Stiavnica SVK"]
[Date "2013.07.14"]
[Round "9.1"]
[White "Krnan, Tomas"]
[Black "Michalik, Peter"]
[Result "1/2-1/2"]
[ECO "B19"]
[WhiteElo "2411"]
[BlackElo "2579"]
[PlyCount "149"]
[GameId "2129404788737786"]
[EventDate "2013.07.06"]
[EventType "swiss"]
[EventRounds "9"]
[EventCountry "SVK"]
[TimeControl "5400+815"]
[WhiteClock "0:01:32"]
[BlackClock "0:48:31"]

1. e4 c6 2. d4 d5 3. Nc3 dxe4 4. Nxe4 Bf5 5. Ng3 Bg6 6. h4 h6 7. h5 Bh7 8. Nf3 Nd7 9. Bd3 Bxd3 10. Qxd3 e6 11. Bd2 Ngf6 12. O-O-O Be7 13. Kb1 O-O 14. Ne4 Nxe4 15. Qxe4 Nf6 16. Qd3 Qd5 17. c4 Qe4 18. Qxe4 Nxe4 19. Be3 f5 20. Nd2 Nf6 21. f3 Bd6 22. Kc2 Rfe8 23. Nb1 e5 24. dxe5 Bxe5 25. Rd3 b6 26. Nc3 Re7 27. Bd4 Rae8 28. b4 Kf7 29. a3 Rd7 30. Bxe5 Rxe5 31. Rxd7+ Nxd7 32. Kd2 Re8 33. Rh4 Ne5 34. Rf4 g5 35. hxg6+ Kxg6 36. Kc2 Kg5 37. Rd4 c5 38. bxc5 bxc5 39. Rd5 Nxc4 40. Rxc5 Ne3+ 41. Kd3 Nxg2 42. Ne4+ Kf4 43. Rxf5+ Kxf5 44. Nd6+ Kf4 45. Nxe8 Kxf3 46. Ng7 Nh4 47. a4 Kf4 48. Ne6+ Kg4 49. Ng7 Nf5 50. Ne8 Kg5 51. Ke4 h5 52. Nc7 Kg4 53. Nd5 Ng3+ 54. Ke3 h4 55. Kf2 Nf5 56. Kg2 a5 57. Nf6+ Kf4 58. Kh3 Ke5 59. Nh5 Kd4 60. Kg4 Ne3+ 61. Kxh4 Nd5 62. Kg3 Nc3 63. Kf2 Kd3 64. Nf4+ Kd2 65. Kf3 Nxa4 66. Nd5 Kd3 67. Kf2 Kc4 68. Ne3+ Kb3 69. Ke2 Nc3+ 70. Kd3 Na2 71. Kd2 a4 72. Nc2 Kb2 73. Ne3 Nb4 74. Nc4+ Kb1 75. Kc3 1/2-1/2

[Event "CAN-ch"]
[Site "Guelph CAN"]
[Date "2015.07.11"]
[Round "2.4"]
[White "Krnan, Tomas"]
[Black "Barron, Michael"]
[Result "1/2-1/2"]
[ECO "A04"]
[WhiteElo "2557"]
[BlackElo "2306"]
[PlyCount "86"]
[GameId "2160767738660386"]
[EventDate "2015.07.10"]
[EventType "swiss"]
[EventRounds "9"]
[EventCountry "CAN"]
[TimeControl "40/5400+30:1800+30"]

1. Nf3 f5 2. d3 d6 3. e4 e5 4. Nc3 Nf6 5. exf5 Bxf5 6. d4 e4 7. Nh4 Bg4 8. Be2 Bxe2 9. Qxe2 d5 10. Bg5 Bb4 11. Qb5+ Nc6 12. Qxb7 Nxd4 13. O-O-O Rb8 14. Qa6 Bxc3 15. bxc3 Nb5 16. Qc6+ Qd7 17. Qc5 Qd6 18. Qxd6 cxd6 19. Bxf6 gxf6 20. Kd2 Na3 21. Nf5 Rb2 22. Ne3 Kd7 23. Ke2 Rhb8 24. Nxd5 Rxc2+ 25. Ke3 f5 26. g4 Nc4+ 27. Kd4 Nb2 28. gxf5 Nxd1 29. Rxd1 Rxf2 30. Kxe4 Re8+ 31. Kd4 Rxf5 32. Rb1 Re2 33. c4 Kc8 34. Rg1 Rf7 35. Rg8+ Kd7 36. Ra8 Rxa2 37. Nc3 Rd2+ 38. Ke3 Rxh2 39. Nb5 Ke6 40. Rd8 Rd7 41. Nd4+ Ke7 42. Nc6+ Ke6 43. Nd4+ Ke7 1/2-1/2

[Event "CAN-ch"]
[Site "Guelph CAN"]
[Date "2015.07.11"]
[Round "3.5"]
[White "Buscar, Michael"]
[Black "Krnan, Tomas"]
[Result "0-1"]
[ECO "E63"]
[WhiteElo "2245"]
[BlackElo "2557"]
[PlyCount "84"]
[GameId "2160767738660403"]
[EventDate "2015.07.10"]
[EventType "swiss"]
[EventRounds "9"]
[EventCountry "CAN"]
[TimeControl "40/5400+30:1800+30"]

1. d4 Nf6 2. Nf3 g6 3. g3 Bg7 4. Bg2 O-O 5. O-O d6 6. c4 Nc6 7. Nc3 a6 8. b3 Rb8 9. Bb2 b5 10. cxb5 axb5 11. Rc1 b4 12. Nb1 Na7 13. a4 bxa3 14. Nxa3 Bb7 15. Nd2 Bxg2 16. Kxg2 Qc8 17. e3 Qb7+ 18. Qf3 d5 19. Rc2 c6 20. Rfc1 h5 21. Qe2 Qd7 22. h3 Nh7 23. h4 Nf6 24. Nab1 Ng4 25. Ba3 Rfe8 26. Bc5 Nb5 27. Nc3 e5 28. Nxb5 Rxb5 29. Qd3 e4 30. Qe2 Re6 31. Ra2 Bh6 32. Ra7 Rxc5 33. Rxd7 Rxc1 34. Nf1 Rf6 35. Rc7 Bf8 36. Rc8 Kg7 37. Qd2 Rb1 38. Qa2 Rxf2+ 39. Qxf2 Nxf2 40. Kxf2 Rb2+ 41. Ke1 Bb4+ 42. Kd1 Rf2 0-1

[Event "CAN-ch"]
[Site "Guelph CAN"]
[Date "2015.07.12"]
[Round "4.3"]
[White "Krnan, Tomas"]
[Black "Peredun, Andrew"]
[Result "1/2-1/2"]
[ECO "C54"]
[WhiteElo "2557"]
[BlackElo "2406"]
[PlyCount "84"]
[GameId "2160767738660408"]
[EventDate "2015.07.10"]
[EventType "swiss"]
[EventRounds "9"]
[EventCountry "CAN"]
[TimeControl "40/5400+30:1800+30"]

1. e4 e5 2. Nf3 Nc6 3. Bc4 Nf6 4. d3 Bc5 5. O-O O-O 6. c3 d5 7. exd5 Nxd5 8. h3 Bf5 9. Re1 Nb6 10. Bg5 Qd7 11. Bb5 f6 12. d4 exd4 13. cxd4 Bd6 14. Be3 a6 15. Bf1 Nb4 16. Nh4 Nc2 17. Nxf5 Qxf5 18. Bd3 Nxe3 19. fxe3 Qg5 20. Nd2 f5 21. Nf3 Qg3 22. Qc2 g6 23. b4 Rae8 24. b5 a5 25. Qf2 Kg7 26. e4 fxe4 27. Qxg3 Bxg3 28. Rxe4 Nd5 29. Rc1 Nf4 30. Rxe8 Rxe8 31. Ne5 Nxd3 32. Nxd3 Re4 33. Nc5 Re2 34. Nxb7 Rxa2 35. Nc5 Rb2 36. Ne6+ Kf6 37. Nxc7 a4 38. Nd5+ Ke6 39. Nc3 a3 40. Ra1 Bf2+ 41. Kf1 Bxd4 42. Rxa3 Bxc3 1/2-1/2

[Event "CAN-ch"]
[Site "Guelph CAN"]
[Date "2015.07.14"]
[Round "7.4"]
[White "Yam, Alex"]
[Black "Krnan, Tomas"]
[Result "0-1"]
[ECO "C29"]
[WhiteElo "2384"]
[BlackElo "2557"]
[PlyCount "46"]
[GameId "2160767738660444"]
[EventDate "2015.07.10"]
[EventType "swiss"]
[EventRounds "9"]
[EventCountry "CAN"]
[TimeControl "40/5400+30:1800+30"]

1. e4 e5 2. Nc3 Nf6 3. f4 d5 4. fxe5 Nxe4 5. Nf3 Bc5 6. d4 Bb4 7. Bd2 Bg4 8. Be2 Nc6 9. O-O O-O 10. Kh1 f5 11. exf6 Rxf6 12. Be1 Bxc3 13. bxc3 Qd6 14. Qd3 Rh6 15. h3 Bxh3 16. gxh3 Rxh3+ 17. Kg2 Qe6 18. Rg1 Rf8 19. Kf1 Rh2 20. Bg3 Rxf3+ 21. Bxf3 Nd2+ 22. Qxd2 Rxd2 23. c4 Qf6 0-1